 Dungeon Crawl Stone Soup version 0.30-a0-652-gcc886f7154 (webtiles) character file.

Game seed: 15248800451889682428

97 Dittersdorf the Trooper (level 4, -2/29 HPs)
             Began as a Gargoyle Fighter on Jan 17, 2023.
             Slain by a gnoll
             ... wielding a +0 halberd
              (4 damage)
             ... on level 3 of the Dungeon.
             The game lasted 00:02:06 (2226 turns).

Dittersdorf the Trooper (Gargoyle Fighter)          Turns: 2226, Time: 00:02:07

Health: -2/29      AC: 11    Str: 22    XL:     4   Next: 68%
Magic:  4/4        EV:  9    Int:  8    God:
Gold:   111        SH:  4    Dex:  9    Spells: 3/3 levels left

rFire   . . .      SeeInvis .    u - +0 morningstar
rCold   . . .      Faith    .    c - +0 buckler
rNeg    + . .      Spirit   .    b - +0 scale mail
rPois   ∞          Reflect  .    (no helmet)
rElec   +          Harm     .    (no cloak)
rCorr   .          Rampage  .    q - +0 pair of gloves
Will    .....                    (no boots) Stlth
                                 (no amulet)
HPRegen 0.24/turn                (no ring)
MPRegen 0.09/turn                (no ring)

@: no status effects
A: sickness immunity, AC +3, negative energy resistance 1, electricity
resistance, torment resistance 1, petrification resistance
a: no special abilities


You were on level 3 of the Dungeon.
You visited 1 branch of the dungeon, and saw 3 of its levels.

You collected 111 gold pieces.

Inventory:

Hand Weapons
 u - a +0 morningstar (weapon)
Missiles
 k - 4 poisoned darts (quivered)
Armour
 b - a +0 scale mail (worn)
 c - a +0 buckler (worn)
 q - a +0 pair of gloves (worn)
Scrolls
 a - a scroll of teleportation {unknown}
 f - a scroll of amnesia {unknown}
 h - a scroll of torment {unknown}
 i - a scroll of immolation
 j - 4 scrolls of identify {unknown}
 n - 2 scrolls of fog {unknown}
 o - a scroll of vulnerability {unknown}
 s - a scroll of blinking {unknown}
 t - 2 scrolls of fear {unknown}
Potions
 d - a potion of might
 e - 2 potions of degeneration {unknown}
 g - 3 potions of curing {unknown}
 l - 2 potions of brilliance {unknown}
 m - a potion of lignification {unknown}
 p - 5 potions of heal wounds {unknown}
 r - a potion of flight {unknown}


   Skills:
 + Level 4.0 Fighting
 + Level 2.9 Maces & Flails
 + Level 4.0 Armour
 + Level 4.0 Shields


You had 3 spell levels left.
You didn't know any spells.
Your spell library contained the following spells:

 Spells                   Type           Power      Damage    Failure   Level
 Ensorcelled Hibernation  Hex/Ice        0%         N/A       91%         2
 Spider Form              Tmut/Pois      0%         N/A       99%         3
 Anguish                  Hex/Necr       0%         N/A       100%        4


Dungeon Overview and Level Annotations

Branches:
Dungeon (3/15)

Altars:
Dithmenos
Gozag
The Shining One

Annotations:
D:3 1 runed translucent door, Sabo's ghost, amateur OpFE


Innate Abilities, Weirdness & Mutations

You are immune to sickness and miasma.
Your stone body is resilient. (AC +3)
You are immune to poison.
You resist negative energy. (rN+)
You are resistant to electric shocks. (rElec)
You are resistant to unholy torment.
You are immune to petrification.


Message History

The gnoll hits you but does no damage. The bat closely misses you.
You barely miss the gnoll.
The gnoll is heavily wounded.
The bat closely misses you. You block the gnoll's attack.
The gnoll hits you with a +0 flail.
The gnoll hits you from afar with a +0 halberd.
The gnoll barely misses you.
You puncture the gnoll!
You kill the gnoll!
You block the bat's attack. You block the gnoll's attack.
The gnoll closely misses you.
Your Shields skill increases to level 4!
You block the gnoll's attack. The gnoll closely misses you.
The bat barely misses you.
You barely miss the gnoll. You block the bat's attack.
The bat hits you but does no damage. The gnoll completely misses you.
The gnoll hits you with a +0 halberd. x2; You block the gnoll's attack.
The bat barely misses you.
You are too injured to fight recklessly!
You are too injured to fight recklessly!
You are too injured to fight recklessly!
You are too injured to fight recklessly!
You are too injured to fight recklessly!
You are too injured to fight recklessly!
You are too injured to fight recklessly!
You are too injured to fight recklessly!
You are too injured to fight recklessly!
You are too injured to fight recklessly!
You are too injured to fight recklessly!
You are too injured to fight recklessly!
You are too injured to fight recklessly!
You are too injured to fight recklessly!
You are too injured to fight recklessly!
You are too injured to fight recklessly!
You are too injured to fight recklessly!
The gnoll attacks as you move away! The gnoll hits you with a +0 halberd!
* * * LOW HITPOINT WARNING * * *
You block the bat's attack.
The gnoll hits you from afar with a +0 halberd.
You die...

#...###........#
#######.....+........+
#..........##........#
#.............########
#.......##........#
#.......##........# # ###
#.......#.........# ...
#..
#.........###.#######....
#.. #.......###
#...@.g..!... #..
#.......# #....bg......
#.. #.....>.#
#...)........ ###
#####...# ##...........
##.#######..?........ #.#
#...#######..... §_.. #.#
#...# ..... ....
###.###..)# #### #. .
#.........##### ..#


You could see 2 gnolls and a bat.

Vanquished Creatures
  A gnoll (D:3)
  4 adders
  A worm (D:3)
  A dart slug (D:2)
  5 endoplasms
  A giant cockroach (D:2)
  7 goblins
  3 hobgoblins
  4 kobolds
  A quokka (D:1)
  7 ball pythons
  4 bats
  5 frilled lizards
  5 rats
49 creatures vanquished.

Vanquished Creatures (others)
  2 fungi (D:3)
2 creatures vanquished.

Grand Total: 51 creatures vanquished

Notes
Turn   | Place    | Note
-------+----------+-------------------------------------------
     0 | D:1      | Dittersdorf the Gargoyle Fighter began the quest for the
                  | Orb.
     0 | D:1      | Reached XP level 1. HP: 14/14 MP: 1/1
   245 | D:1      | Reached XP level 2. HP: 16/19 MP: 2/2
   995 | D:2      | Reached XP level 3. HP: 23/23 MP: 3/3
  1428 | D:2      | Reached XP level 4. HP: 26/29 MP: 4/4
  1798 | D:3      | Found a glowing golden altar of the Shining One.
  1816 | D:3      | Found a runed translucent door.
  1820 | D:3      | Noticed Sabo's ghost (amateur OpFE)
  1824 | D:3      | Found a shadowy altar of Dithmenos.
  2002 | D:3      | Found an opulent altar of Gozag.
  2226 | D:3      | Slain by a gnoll

Illustrated notes

Levels and vault maps discovered:
D:1:      nicolae_arrival_memento_mori, layout_basic, minivault_11
D:2:      layout_loops_cross
D:3:      layout_basic, grunt_dithmenos_smoke, tso_metal_star,
          mainiacjoe_overflow_boulevard, ebering_ghost_inner_flame,
          minmay_unequal

Skill      XL: |  1  2  3  4 |
---------------+-------------+-----
Fighting       | 4 |  4.0
Armour         | 4 |  4.0
Shields        | 4 |  4.0
Maces & Flails | |  2.9

Action                   |  1- 3 |  4- 6 || total
-------------------------+-------+-------++-------
Melee: Flail             |   116 |    64 ||   180
       Morningstar       |       |    20 ||    20
Armor: Scale mail        |    66 |    51 ||   117
Dodge: Dodged            |    58 |    35 ||    93
Block: Buckler           |    28 |    31 ||    59

Table legend: (Time is in decaauts)
 A = Elapsed time spent in this place.
 B = Non-inter-level travel time spent in this place.
 C = Inter-level travel time spent in this place.
 D = Time resting spent in this place.
 E = Time spent auto-exploring this place.
 F = Levels seen in this place.
 G = Mean time per level.
                   A        B        C        D        E       F      G
               +--------+--------+--------+--------+--------+-----+--------+
         Total |   2290 |   2178 |    112 |     13 |   1711 |   3 |  763.3 |
       Dungeon |   2290 |   2178 |    112 |     13 |   1711 |   3 |  763.3 |
               +--------+--------+--------+--------+--------+-----+--------+

Top non-repeatable levels by time:
     D:1: 927 daAuts
     D:2: 763 daAuts
     D:3: 599 daAuts
